 Dungeon Crawl Stone Soup version 0.32-a0-899-geb5ba95c15 (webtiles) character file.

Game seed: 6387875109425048582

28 Ajdolov the Cudgeller (level 2, -5/26 HPs)
             Began as an Armataur Monk on Apr 5, 2024.
             Slain by an iguana (8 damage)
             ... on level 2 of the Dungeon.
             The game lasted 00:01:11 (954 turns).

Ajdolov the Cudgeller (Armataur Monk)                Turns: 954, Time: 00:01:11

Health: -5/26      AC:  5    Str: 16    XL:     2   Next: 96%
Magic:  2/2        EV:  8    Int: 10    God:
Gold:   48         SH:  0    Dex: 12    Spells: 1/1 levels left

rFire   . . .        a - +0 mace
rCold   . . .        d - orb {light}
rNeg    . . .        g - +0 ring mail
rPois   .            (no helmet)
rElec   .            (no cloak)
rCorr   .            (no gloves)
SInv    .            (no barding)
Will    .....        (no amulet)
Stlth   +            (no ring)
HPRegen 0.24/turn    (no ring)
MPRegen 1.40/turn

%: roll
@: glowing
A: large, deformed body, tough skin 3, armoured tail, rollpage 1
a: no special abilities


You were on level 2 of the Dungeon.
You visited 1 branch of the dungeon, and saw 2 of its levels.

You collected 48 gold pieces.

Inventory:

Hand Weapons
 a - a +0 mace (weapon)
Armour
 d - an orb of light (worn)
 g - a +0 ring mail (worn)
Scrolls
 e - a scroll of identify {unknown}
 f - a scroll of fog {unknown}
 i - a scroll of immolation {unknown}
Potions
 b - a potion of haste {unknown}
 c - a potion of ambrosia
 h - 3 potions of degeneration {unknown}
 j - 2 potions of mutation {unknown}


   Skills:
 + Level 3.2 Fighting
 + Level 3.3 Maces & Flails
 - Level 2.1 Dodging


You had one spell level left.
You didn't know any spells.
Your spell library was empty.

Dungeon Overview and Level Annotations

Branches:
Dungeon (2/15)

Altars:


Innate Abilities, Weirdness & Mutations

Armour fits poorly on your strangely shaped body.
You have extremely tough skin. (AC +3)
You have a long armoured tail.
You regenerate magic when rolling toward enemies. (Rampage MPRegen)


Message History

The goblin shouts!
Found a hand axe.
Found a stone staircase leading up.
There is a stone staircase leading up here.
There are monsters nearby!
You roll towards the goblin!
You hit the goblin.
You kill the goblin!
You hit the bat.
The bat is severely wounded.
The bat hits you.
You roll towards the bat!
You hit the bat.
You kill the bat!
No target in view!
No target in view!
HP restored.
An iguana is nearby!
You aren't carrying any items that you can evoke.
Unknown command.
You roll towards the iguana!
You roll towards the iguana!
You hit the iguana but do no damage. The iguana bites you.
You hit the iguana. You tail-slap the iguana.
The iguana is moderately wounded.
The iguana bites you!
The iguana bites you but does no damage.
Unknown command.
You hit the iguana.
The iguana is severely wounded.
The iguana bites you but does no damage.
You barely miss the iguana.
The iguana is severely wounded.
The iguana bites you!
* * * LOW HITPOINT WARNING * * *
You hit the iguana.
The iguana is almost dead.
The iguana closely misses you.
Unknown command.
You hit the iguana but do no damage.
The iguana is almost dead.
The iguana bites you!
You die...

#|.....##
##.......##
#....)....#
#.......<.###
#...........#
#.........#.....
#.........# ##..
##.l.....## #
#..@...$..#
#.........###.
#.........#...
#...........#
#?.........# #
##....<..#### ..
####.........#..#
#................
#........†.....).


You could see an iguana.

Vanquished Creatures
  An adder (D:1)
  An endoplasm (D:1)
  2 goblins
  A hobgoblin (D:1)
  4 quokkas (D:1)
  3 ball pythons (D:1)
  2 bats
  2 kobolds
  2 rats (D:1)
18 creatures vanquished.

Notes
Turn   | Place    | Note
-------+----------+-------------------------------------------
     0 | D:1      | Ajdolov the Armataur Monk began the quest for the Orb.
     0 | D:1      | Reached XP level 1. HP: 18/18 MP: 1/1
   138 | D:1      | Found a faded altar of an unknown god.
   405 | D:1      | Reached XP level 2. HP: 26/26 MP: 2/2
   954 | D:2      | Slain by an iguana

Illustrated notes

Levels and vault maps discovered:
D:1:      dpeg_arrival_rooms_c, layout_loops_corners,
          hellmonk_ecumenical_altar_leap_of_faith,
          chequers_serial_rivers_micro_a
D:2:      layout_rooms, basic_altar, minmay_misc_feat_rugged

Skill      XL: |  1 |
---------------+----+-----
Fighting       | 3 |  3.2
Maces & Flails | 3 |  3.3
Dodging        | |  2.1

Action                     || total
---------------------------++-------
  Melee: Mace              ||    41
         Tailslap          ||     6
 Armour: Ring mail         ||    27
         Robe              ||     1
  Dodge: Dodged            ||    13

Table legend: (Time is in decaauts)
 A = Elapsed time spent in this place.
 B = Non-inter-level travel time spent in this place.
 C = Inter-level travel time spent in this place.
 D = Time resting spent in this place.
 E = Time spent auto-exploring this place.
 F = Levels seen in this place.
 G = Mean time per level.
                   A        B        C        D        E       F      G
               +--------+--------+--------+--------+--------+-----+--------+
         Total |    963 |    926 |     37 |      0 |    773 |   2 |  481.5 |
       Dungeon |    963 |    926 |     37 |      0 |    773 |   2 |  481.5 |
               +--------+--------+--------+--------+--------+-----+--------+

Top non-repeatable levels by time:
     D:1: 915 daAuts
     D:2: 48 daAuts
